 Dungeon Crawl Stone Soup version 0.29-a0-925-g0a7a3d12f8 (webtiles) character file.

Game seed: 17773499147249414992

20 lesaewzxc the Stinger (level 3, -5/19 HPs)
             Began as a Kobold Venom Mage on July 29, 2022.
             Slain by a worm (7 damage)
             ... on level 2 of the Dungeon.
             The game lasted 00:10:01 (1293 turns).

lesaewzxc the Stinger (Kobold Venom Mage)           Turns: 1293, Time: 00:10:02

Health: -5/19      AC:  3    Str:  5    XL:     3   Next: 0%
Magic:  1/6        EV: 15    Int: 18    God:
Gold:   58         SH:  0    Dex: 15    Spells: 3/6 levels left

rFire   . . .      SeeInvis .   (weapon restricted)
rCold   . . .      Faith    .   (no shield)
rNeg    . . .      Spirit   .   a - +0 robe
rPois   .          Reflect  .   d - +1 hat
rElec   .          Harm     .   (no cloak)
rCorr   .          Rampage  .   (no gloves)
Will    .....                   (no boots)
Stlth   +++.......              (no amulet)
HPRegen 0.06/turn               (no ring)
MPRegen 0.10/turn               (no ring)

@: no status effects
A: small, no large weapons, nightstalker 3
a: no special abilities


You were on level 2 of the Dungeon.
You visited 1 branch of the dungeon, and saw 2 of its levels.

You collected 58 gold pieces.

Inventory:

Missiles
 b - 5 poisoned darts
Armour
 a - a +0 robe (worn)
 d - a +1 hat (worn)
Scrolls
 c - a scroll of summoning {unknown}
Potions
 e - a potion of curing {unknown}
 f - a potion of berserk rage {unknown}


   Skills:
 + Level 2.8 Dodging
 + Level 3.1 Stealth
 + Level 2.4 Spellcasting
 + Level 1.4 Transmutations
 + Level 3.2 Poison Magic


You had 3 spell levels left.
You knew the following spells:

 Your Spells              Type           Power      Damage    Failure   Level
a - Sting                 Tmut/Pois      40%        1d5       7%          1
b - Poisonous Vapours     Pois/Air       14%        N/A       14%         2

Your spell library contained the following spells:

 Spells                   Type           Power      Damage    Failure   Level
 Mephitic Cloud           Conj/Pois/Air  6%         N/A       32%         3
 Olgreb's Toxic Radiance  Pois           13%        N/A       43%         4


Dungeon Overview and Level Annotations

Branches:
Dungeon (2/15)

Altars:


Innate Abilities, Weirdness & Mutations

You are small and have problems with some larger weapons.
You are completely attuned to the shadows.


Message History

Okay, then.
Okay, then.
You don't have enough magic to cast this spell.
You don't have enough magic to cast this spell.
Aiming: Poisonous Vapours (safe; 14% risk of failure)
Press: ? - help, Q - select action, (/) - cycle Dir - move target, f/p - worm
Aim: a worm Poisonous vapours surround the worm!
The worm is poisoned.
Okay, then.
You don't have enough magic to cast this spell.
The worm looks more healthy.
You don't have enough magic to cast this spell.
You don't have enough magic to cast this spell.
Aiming: Sting (safe; 7% risk of failure)
Press: ? - help, Q - select action, (/) - cycle Shift-Dir - straight line, f/p - worm
Aim: a worm (90% to hit)
The sting hits the worm.
The worm is poisoned.
The worm is lightly wounded.
The worm misses you.
You barely miss the worm.
The worm is moderately wounded.
The worm looks more healthy.
The worm barely misses you.
You hit the worm but do no damage.
The worm is moderately wounded.
The worm completely misses you.
You barely miss the worm.
The worm is lightly wounded.
You barely miss the worm.
The worm is lightly wounded.
The worm bites you.
You hit the worm but do no damage.
The worm is lightly wounded.
You hit the worm.
The worm is lightly wounded.
The worm bites you.
* * * LOW HITPOINT WARNING * * *
You hit the worm but do no damage.
The worm is lightly wounded.
The worm bites you!
You die...

##########.# #.# #.# #.# #.# #.#
#.# #.# ##....####.#####.# ##
##................. .
##......#####.####.# ###
#.......# #.# #.# #.# ###..@....#
#.# #.# ..# #.#..w....#####.# #.#
#.##### #..........##...# #.#
#.....######..........))...####.#
....#.........#######.####))<)..#
....####......# #.....##.######
....# #......## ##....##........
....# #.>....##.#....##...######
#......#....88.###..# #...


You could see a worm.

Vanquished Creatures
  3 orcs (D:2)
  2 endoplasms (D:2)
  3 goblins (D:2)
  2 hobgoblins (D:2)
  2 frilled lizards
  2 kobolds
  A rat (D:1)
15 creatures vanquished.

Notes
Turn   | Place    | Note
-------+----------+-------------------------------------------
     0 | D:1      | lesaewzxc the Kobold Venom Mage began the quest for the
                  | Orb.
     0 | D:1      | Reached XP level 1. HP: 10/10 MP: 3/3
   423 | D:2      | Reached XP level 2. HP: 8/15 MP: 0/5
   988 | D:2      | Learned a level 2 spell: Poisonous Vapours
  1215 | D:2      | Reached XP level 3. HP: 19/19 MP: 1/6
  1293 | D:2      | Slain by a worm

Illustrated notes

Levels and vault maps discovered:
D:1:      lightli_molten_gateway, layout_loops_ring
D:2:      layout_basic, grunt_ministairs_10, dk_noncrumbling_4,
          minmay_tree_intersection, guppyfry_early_orc_mine

Skill      XL: |  1  2 |
---------------+-------+-----
Stealth        | 3 |  3.1
Dodging        | |  2.8
Spellcasting   | |  2.4
Transmutations | |  1.4
Poison Magic   | |  3.2

Action                   || total
-------------------------++-------
Melee: Unarmed           ||    24
 Cast: Sting             ||    31
       Poisonous Vapours ||     5
  Use: Scroll            ||     1
       Potion            ||     1
Armor: Robe              ||     3
Dodge: Dodged            ||    25

Table legend: (Time is in decaauts)
 A = Elapsed time spent in this place.
 B = Non-inter-level travel time spent in this place.
 C = Inter-level travel time spent in this place.
 D = Time resting spent in this place.
 E = Time spent auto-exploring this place.
 F = Levels seen in this place.
 G = Mean time per level.
                   A        B        C        D        E       F      G
               +--------+--------+--------+--------+--------+-----+--------+
         Total |   1293 |   1239 |     54 |      0 |      4 |   2 |  646.5 |
       Dungeon |   1293 |   1239 |     54 |      0 |      4 |   2 |  646.5 |
               +--------+--------+--------+--------+--------+-----+--------+

Top non-repeatable levels by time:
     D:2: 1128 daAuts
     D:1: 165 daAuts
